 Dungeon Crawl Stone Soup version 0.31.0-32-g396128a36d (webtiles) character file.

Game seed: 2868437896550609359

81869 chippings the Mimic (level 15, -17/121 HPs)
             Began as a Purple Draconian Shapeshifter on Apr 16, 2024.
             Was an Initiate of Gozag.
             Demolished by a two-headed ogre
             ... wielding a +0 giant spiked club
              (26 damage)
             ... on level 2 of the Orcish Mines on Apr 17, 2024.
             The game lasted 01:06:02 (26893 turns).

chippings the Mimic (DrSh)                         Turns: 26893, Time: 01:06:03

Health: -17/121    AC: 14    Str: 17    XL:     15   Next: 27%
Magic:  0/27       EV: 19    Int: 16    God:    Gozag
Gold:   5277       SH:  0    Dex: 12    Spells: 11/30 levels left

rFire   . .          .
                       - Unarmed
rCold   + . .        (shield currently unavailable)
rNeg    . . .        (body armour unavailable)
rPois   +            q - +0 mask of the Dragon {Will+ Slay+3 SInv}
rElec   .            k - +0 cloak
rCorr   .            E - +0 pair of gloves
SInv    +            I - +2 pair of boots {Stlth+}
Will    +++..        e - amulet of guardian spirit
Stlth   ++           y - ring of protection from cold
HPRegen 0.40/turn    x - ring of poison resistance
MPRegen 0.20/turn

%: guardian spirit
@: flux-form, fugue, gold aura, glowing
A: glow, contaminating, breathe power, AC +9, unfitting armour, cold-blooded
a: Breathe Dispelling Energy, Begin Untransformation, Renounce Religion, Potion
Petition, Call Merchant, Bribe Branch


You were on level 2 of the Orcish Mines.
You worshipped Gozag.
Gozag was greatly pleased with you.
You were something dangerously unstable.
You visited 3 branches of the dungeon, and saw 20 of its levels.
You also visited: Bailey.

You collected 6349 gold pieces.
You spent 983 gold pieces at shops.
You paid 89 gold pieces to Gozag.

Inventory:

Missiles
 W - a throwing net (quivered)
Armour
 k - a +0 cloak (worn)
 q - the +0 mask of the Dragon (worn) {Will+ Slay+3 SInv}
   (You acquired it on level 8 of the Dungeon)

   Slay+3:    It affects your accuracy & damage with ranged weapons and melee
   (+3).
   Will+:     It increases your willpower.
   SInv:      It lets you see invisible.
 t - the +3 warlock's mirror {omnireflect}
   (You found it on level 8 of the Dungeon)

   Omnireflect: It can block and reflect piercing ranged attacks and magical
   attacks against the wielder's willpower.
 E - a +0 pair of gloves (worn)
 I - a +2 pair of boots of stealth (worn)
Jewellery
 c - an amulet of magic regeneration
 e - an amulet of guardian spirit (around neck)
 x - a ring of poison resistance (right hand)
 y - a ring of protection from cold (left hand)
 T - a ring of resist corrosion
 X - a +6 ring of intelligence
Talismans
 f - a flux talisman (active)
 s - a serpent talisman
Wands
 z - a wand of acid (2)
 B - a wand of mindburst (14)
 G - a wand of digging (8)
 M - a wand of charming (6)
 N - a wand of flame (11)
 S - a wand of polymorph (5)
Scrolls
 b - 2 scrolls of enchant weapon
 d - 7 scrolls of fear
 i - 4 scrolls of teleportation
 j - 4 scrolls of fog
 m - a scroll of immolation
 o - 3 scrolls of vulnerability
 v - 2 scrolls of silence
 A - a scroll of blinking
 C - 2 scrolls of torment
 F - 3 scrolls of poison
 H - 6 scrolls of identify
 O - 2 scrolls of noise
 P - a scroll of amnesia
 Q - a scroll of brand weapon {unknown}
 R - 2 scrolls of enchant armour
Potions
 a - 6 potions of lignification
 g - 4 potions of brilliance
 h - 5 potions of curing
 p - a potion of enlightenment
 r - 2 potions of resistance
 u - 2 potions of attraction
 w - a potion of invisibility
 D - 7 potions of might
 J - 3 potions of haste
 K - 5 potions of mutation
 L - 2 potions of ambrosia
 V - 8 potions of heal wounds
Miscellaneous
 l - a sack of spiders
 n - a lightning rod (4/4)


   Skills:
 - Level 8.0 Fighting
 - Level 8.0 Dodging
 - Level 8.0 Stealth
 - Level 12.0 Unarmed Combat
 - Level 8.0 Spellcasting
 - Level 2.0 Conjurations
 + Level 11.3 Necromancy
 + Level 6.5 Translocations
 + Level 11.0 Evocations
 - Level 14.0 Shapeshifting


You had 11 spell levels left.
You knew the following spells:

 Your Spells              Type           Power      Damage    Failure   Level
a - Fugue of the Fallen   Necr           42%        N/A       1%          3
b - Magic Dart            Conj           48%        1d5       4%          1
c - Blink                 Tloc           54%        N/A       1%          2
d - Lesser Beckoning      Tloc           54%        N/A       1%          2
e - Dispel Undead         Necr           42%        3d17      1%          4
f - Vampiric Draining     Necr           42%        2d9       1%          3
g - Passage of Golubria   Tloc           27%        N/A       8%          4

Your spell library contained the following spells:

 Spells                   Type           Power      Damage    Failure   Level
 Kiss of Death            Conj/Necr      100%       2d13      1%          1
 Gell's Gravitas          Tloc           27%        N/A       2%          3
 Teleport Other           Tloc           27%        N/A       2%          3
 Momentum Strike          Conj/Tloc      40%        3d9       3%          2
 Searing Ray              Conj           24%        2d5       8%          2
 Manifold Assault         Tloc           27%        N/A       8%          4
 Volatile Blastmotes      Fire/Tloc      32%        2d12      9%          3
 Freeze                   Ice            24%        1d4       11%         1
 Slow                     Hex            24%        N/A       11%         1
 Anguish                  Hex/Necr       12%        N/A       11%         4
 Ensorcelled Hibernation  Hex/Ice        12%        N/A       17%         2
 Dazzling Flash           Conj/Hex       18%        N/A       22%         3
 Hailstorm                Conj/Ice       9%         3d6       22%         3
 Confusing Touch          Hex            6%         N/A       32%         3
 Frozen Ramparts          Ice            12%        1d2       32%         3
 Inner Flame              Hex/Fire       6%         N/A       32%         3
 Sigil of Binding         Hex            6%         N/A       32%         3
 Summon Ice Beast         Ice/Summ       6%         N/A       32%         3
 Tukima's Dance           Hex            6%         N/A       32%         3
 Fulminant Prism          Conj/Alch      4%         3d5       58%         4
 Olgreb's Toxic Radiance  Alch           6%         N/A       73%         4
 Dispersal                Tloc           13%        N/A       75%         6
 Irradiate                Conj/Alch      4%         3d13      90%         5
 Silence                  Hex/Air        3%         N/A       97%         5
 Yara's Violent Unravell  Hex/Alch       3%         3d4       97%         5
 Sculpt Simulacrum        Ice/Alch       3%         N/A       100%        6
 Starburst                Conj/Fire      4%         6d4       100%        6
 Haunt                    Necr/Summ      12%        N/A       100%        7
 Ozocubu's Refrigeration  Ice            3%         4d8       100%        7
 Discord                  Hex            3%         N/A       100%        8
 Disjunction              Tloc           13%        N/A       100%        8
 Ignition                 Fire           3%         3d4       100%        8
 Infestation              Necr           21%        N/A       100%        8
 Lehudib's Crystal Spear  Conj/Erth      4%         10d3      100%        8
 Maxwell's Capacitive Co  Air            3%         ∞         100%        8
 Chain Lightning          Conj/Air       4%         3d6       100%        9
 Fire Storm               Conj/Fire      4%         8d1       100%        9
 Shatter                  Erth           3%         3d7*      100%        9
 Animate Dead             Necr           Unusable   N/A       N/A         4

Dungeon Overview and Level Annotations

Branches:
Dungeon (13/15)            Temple (0/1) D:6            Lair (5/5) D:9
  Swamp (0/4) Lair:3       Spider (0/4) Lair:2        Slime (0/5) Lair:4
    Orc (2/2) D:10            Elf (0/3) Orc:2        Vaults (0/5) D:13
 Bailey (visited)

Altars:
Ashenzari
Dithmenos
Fedhas
Gozag
Kikubaaqudgha
Makhleb
Trog

Shops:
D:5 *   D:8 [   Orc:2 !

Annotations:
D:3 2 runed translucent doors, hawla's ghost, amateur DEFE
D:5 2 transporters, hawla's ghost, novice DEFE


Innate Abilities, Weirdness & Mutations

You are something dangerously unstable.
You glow with magical radiation, making you easy to see and hit.
Foes you strike become dangerously contaminated with magical radiation.
You are incapable of wielding weapons or throwing items.
You can breathe bolts of dispelling energy.
Your rich purple scales are hard. (AC +9)
You cannot fit into any form of body armour.
You are cold-blooded and may be slowed by cold attacks.


Message History

A two-headed ogre comes into view. It is wielding two +0 giant clubs.
You punch the ogre!
The ogre begins to glow.
You tail-slap the ogre!
You kill the ogre!
The wailing of tortured souls fills the air!
The two-headed ogre hits you with a +0 giant club!
The two-headed ogre completely misses you.
An ogre comes into view. It is wielding a +0 giant spiked club.
The ogre hits you with a +0 giant spiked club!!
* * * LOW HITPOINT WARNING * * *
You hit the ogre.
The ogre begins to glow.
The ogre is heavily wounded.
The fallen lash out in pain!
The two-headed ogre is no longer distracted by gold.
A two-headed ogre comes into view.
It is wielding a +0 giant club and a +0 great mace.
You punch the ogre!
The ogre glows dangerously bright.
The ogre is almost dead.
The fallen lash out in pain!
The wailing of tortured souls fills the air!
The ogre is distracted by your dazzling golden aura.
The two-headed ogre closely misses you.
The two-headed ogre hits you with a +0 giant club.
* * * LOW HITPOINT WARNING * * *
The ogre shouts!
You punch the ogre!
You kill the ogre!
You hear a shout!
The ogre is distracted by your dazzling golden aura.
An ogre comes into view. It is wielding a +0 giant club.
Unknown command.
Casting: Fugue of the Fallen (safe; 1% risk of failure)
Confirm with . or Enter, or press ? or * to list all spells.
Aiming: Passage of Golubria (dangerous; 8% risk of failure)
Press: ? - help, Dir - move target The two-headed ogre hits you with a +0 giant club!!
* * * LOW HITPOINT WARNING * * *
The two-headed ogre misses you.
The two-headed ogre is distracted by your dazzling golden aura.
The two-headed ogre hits you with a +0 giant spiked club!!
You die...
Your body crumbles into a pile of gold.

#..... #OO###...
####.... .O......#
#.##...# ....O....
####....... ...OO...##
###........##
.........###...........#
..........#....##.......
......$O..##...)........
......Op..##.......#)...
.......$$.........#####.
.......#.........#####..
..........^.##.#####....
.........#...### #.....
.....#...##..# ###....
......#.###...####......
.......# ##.###........
......# ## #......##


You could see 5 two-headed ogres and 3 ogres.

Vanquished Creatures
  Snorg (D:12)
  2 minotaurs (D:11)
  2 hydras
  Fannar (D:10)
  3 centaur warriors (D:13)
  4 vault guards (D:13)
  3 two-headed ogres
  2 boulder beetles (D:11)
  Erica (D:10)
  4 death yaks (D:11)
  A tengu warrior (D:13)
  A hell hog (Lair:5)
  Nergalle (Lair:3)
  7 skeletal warriors (D:13)
  2 skysharks
  An arcanist (D:13)
  2 bog bodies (Lair:3)
  A lindwurm (Lair:5)
  2 deep elf pyromancers
  5 orc knights
  2 orc sorcerers
  2 manticores
  3 cyclopes
  7 black mambas
  6 elephants (Lair:5)
  2 kobold blastminers (Orc:2)
  2 molten gargoyles (Lair:5)
  3 unseen horrors
  13 cane toads
  7 rime drakes
  9 yaktaurs (D:11)
  11 komodo dragons
  2 kobold demonologists (Bailey)
  Psyche (D:10)
  6 trolls
  7 dream sheep (Lair:5)
  16 blink frogs
  A hornet (D:9)
  7 slime creatures
  7 wyverns
  13 basilisks
  68 yaks
  3 wraiths
  2 wargs (Orc:1)
  4 steam dragons
  A vampire mosquito (D:7)
  3 acid dragons
  28 water moccasins
  4 hell hounds (Lair:5)
  A laughing skull (D:13)
  14 orc warriors
  A sky beast (D:6)
  10 ogres
  A black bear (D:4)
  6 centaurs
  7 wolves (Lair:3)
  5 phantoms
  2 kobold brigands (D:8)
  A wyvern zombie (D:5)
  12 bullfrogs
  3 gnoll sergeants
  2 scorpions
  13 killer bees
  5 howler monkeys
  3 bombardier beetles
  8 electric eels
  4 lava snakes (Lair:5)
  A centaur zombie (D:5)
  2 bullfrog zombies (D:5)
  5 hounds
  2 sleepcaps
  2 gnoll boudas (D:8)
  An orc priest (D:8)
  5 jellies
  A bullfrog skeleton (D:5)
  6 iguanas
  10 orc wizards
  A scorpion zombie (D:5)
  A killer bee zombie (D:5)
  A hound skeleton (D:5)
  24 gnolls
  18 adders
  2 shadow imps
  A white imp (D:7)
  2 ribbon worms (D:2)
  A dart slug (D:5)
  44 orcs
  13 endoplasms
  3 giant cockroaches
  16 goblins
  13 hobgoblins
  8 jackals
  3 quokkas
  6 ball pythons
  7 bats
  5 frilled lizards
  16 kobolds
  2 rats
606 creatures vanquished.

Vanquished Creatures (collateral kills)
  A hydra (Lair:3)
  A hell hog (Lair:5)
  2 tengu warriors (D:13)
  A komodo dragon (Lair:5)
  4 blink frogs (Lair:5)
  5 slime creatures (D:13)
  A water moccasin (Lair:5)
15 creatures vanquished.

Vanquished Creatures (others)
  A yak (D:11)
1 creature vanquished.

Grand Total: 622 creatures vanquished

Notes
Turn   | Place    | Note
-------+----------+-------------------------------------------
     0 | D:1      | chippings the Draconian Shapeshifter began the quest for
                  | the Orb.
     0 | D:1      | Reached XP level 1. HP: 16/16 MP: 1/1
   183 | D:1      | Reached XP level 2. HP: 23/23 MP: 2/2
   552 | D:2      | Reached XP level 3. HP: 29/29 MP: 3/3
   579 | D:2      | Found a burning altar of Makhleb.
   687 | D:2      | You fall into a shaft and drop 1 floor!
   836 | D:3      | Identified a scroll of acquirement
   836 | D:3      | Acquired an amulet of guardian spirit
   898 | D:3      | Found a runed translucent door.
   899 | D:3      | Noticed a bullfrog
   899 | D:3      | Noticed hawla's ghost (amateur DEFE)
   994 | D:3      | Reached XP level 4. HP: 35/36 MP: 4/4
  1173 | D:2      | Reached skill level 4 in Shapeshifting
  2020 | D:3      | Found a runed translucent door.
  2194 | D:4      | Reached XP level 5. HP: 36/42 MP: 3/5
  2317 | D:4      | Noticed a black bear
  2330 | D:4      | Killed a black bear
  2479 | D:4      | Found a bloodstained altar of Trog.
  2482 | D:4      | Found an ancient bone altar of Kikubaaqudgha.
  2705 | D:4      | Reached XP level 6. HP: 49/50 MP: 6/6
  2817 | D:4      | Found a blossoming altar of Fedhas.
  2827 | D:4      | Reached skill level 1 in Necromancy
  2969 | D:4      | Found an opulent altar of Gozag.
  2971 | D:4      | Found a broken altar of Ashenzari.
  2997 | D:5      | Entered Level 5 of the Dungeon
  3169 | D:5      | Reached skill level 5 in Shapeshifting
  3176 | D:5      | Your scales start taking on a rich purple colour.
  3176 | D:5      | Reached XP level 7. HP: 28/57 MP: 7/7
  3858 | D:5      | Reached skill level 1 in Spellcasting
  4036 | D:5      | Learned a level 3 spell: Fugue of the Fallen
  4080 | D:5      | Found a transporter.
  4081 | D:5      | Noticed hawla's ghost (novice DEFE)
  4082 | D:5      | Found a transporter.
  4087 | D:5      | Identified the +5 dire flail of Xonu {venom, rPois Will+++
                  | Str-4 Dex-4}
  4133 | D:5      | Found Hysit's Assorted Antiques.
  4172 | D:5      | Reached XP level 8. HP: 54/66 MP: 6/10
  4609 | D:4      | Became a worshipper of Gozag Ym Sagoz the Greedy
  4641 | D:6      | Reached skill level 6 in Shapeshifting
  4825 | D:6      | Reached skill level 5 in Unarmed Combat
  5039 | D:6      | Noticed a cyclops
  5051 | D:6      | Killed a cyclops
  5052 | D:6      | Reached skill level 5 in Fighting
  5107 | D:6      | Found a staircase to the Ecumenical Temple.
  5690 | D:7      | Reached XP level 9. HP: 70/74 MP: 11/13
  5731 | D:7      | Reached skill level 7 in Shapeshifting
  6009 | D:7      | Noticed a troll
  6031 | D:7      | Killed a troll
  6032 | D:7      | Reached skill level 5 in Dodging
  6038 | D:7      | Reached skill level 8 in Shapeshifting
  6226 | D:7      | Noticed a deep elf pyromancer
  6240 | D:7      | Killed a deep elf pyromancer
  6241 | D:7      | Reached skill level 9 in Shapeshifting
  6267 | D:7      | Identified the +4 rapier "Zuntar" {freeze, rElec rPois MP+9
                  | Str+3}
  6566 | D:7      | Reached XP level 10. HP: 79/83 MP: 13/17
  6974 | D:8      | Found a flagged portal.
  6988 | D:8      | Reached skill level 5 in Necromancy
  7056 | Bailey   | Entered a bailey
  7246 | Bailey   | Noticed an orc knight
  7265 | Bailey   | Killed an orc knight
  7266 | Bailey   | Reached skill level 5 in Spellcasting
  7266 | Bailey   | Reached skill level 1 in Evocations
  7438 | Bailey   | Noticed an orc knight
  7464 | Bailey   | Killed an orc knight
  7498 | Bailey   | Noticed an orc knight
  7512 | Bailey   | Killed an orc knight
  7513 | Bailey   | Reached skill level 10 in Shapeshifting
  7782 | Bailey   | Learned a level 1 spell: Magic Dart
  7868 | Bailey   | Noticed an orc knight
  7876 | Bailey   | Killed an orc knight
  8058 | Bailey   | Noticed an orange demon
  8604 | Bailey   | Found an iron altar of Okawaru.
  8607 | Bailey   | Noticed a soul eater
  8637 | Bailey   | Found the +8 orange crystal plate armour {Archmagi, Int+3
                  | Clar}
  8672 | Bailey   | Identified the +1 orcbow of the Scorned {elec, Str+3 Int+7}
  8901 | D:8      | Reached XP level 11. HP: 87/92 MP: 15/19
  8934 | D:8      | Found Ankat's Armour Emporium.
  8983 | D:8      | Bought a +0 pair of boots of stealth for 115 gold pieces
  9000 | D:8      | Acquired the +0 mask of the Dragon {Will+ Slay+3 SInv}
  9000 | D:8      | Found the +0 mask of the Dragon {Will+ Slay+3 SInv}
  9041 | D:8      | Found the +3 warlock's mirror {omnireflect}
  9327 | D:8      | Found a shadowy altar of Dithmenos.
  9346 | D:8      | Learned a level 2 spell: Blink
  9865 | D:9      | Reached skill level 11 in Shapeshifting
 10194 | D:8      | Reached skill level 1 in Conjurations
 10359 | D:9      | Reached skill level 1 in Translocations
 10427 | D:9      | Learned a level 2 spell: Lesser Beckoning
 10827 | D:9      | Found a staircase to the Lair.
 11121 | Lair:1   | Entered Level 1 of the Lair of Beasts
 11892 | Lair:1   | You fall into a shaft and drop 1 floor!
 11898 | Lair:2   | Reached skill level 5 in Evocations
 11907 | Lair:2   | Noticed a skyshark
 11917 | Lair:2   | Killed a skyshark
 11918 | Lair:2   | Reached XP level 12. HP: 94/101 MP: 20/22
 11929 | Lair:2   | Found a hole to the Spider Nest.
 12765 | Lair:3   | Reached skill level 12 in Shapeshifting
 12807 | Lair:3   | Found a staircase to the Swamp.
 13304 | Lair:3   | Noticed Nergalle
 13317 | Lair:3   | Killed Nergalle
 13444 | Lair:3   | Reached skill level 1 in Stealth
 13581 | Lair:3   | Noticed a seven-headed hydra
 13584 | Lair:3   | Noticed a six-headed hydra
 13588 | Lair:3   | Killed a seven-headed hydra
 13594 | Lair:3   | Killed a six-headed hydra
 14310 | Lair:4   | Reached XP level 13. HP: 93/107 MP: 21/25
 14459 | Lair:4   | Found a staircase to the Slime Pits.
 14562 | Lair:4   | Reached skill level 13 in Shapeshifting
 16242 | Lair:5   | Entered Level 5 of the Lair of Beasts
 16919 | Lair:5   | Reached skill level 10 in Unarmed Combat
 17161 | Lair:5   | Reached skill level 5 in Stealth
 17510 | Lair:5   | Learned a level 4 spell: Dispel Undead
 18187 | Lair:5   | Reached XP level 14. HP: 101/115 MP: 21/26
 18275 | Lair:5   | Found a large runed translucent door.
 18276 | Lair:5   | Found a large runed translucent door.
 18974 | D:10     | Entered Level 10 of the Dungeon
 19047 | D:10     | Found a staircase to the Orcish Mines.
 19069 | D:10     | Noticed Fannar
 19080 | D:10     | Noticed Erica
 19085 | D:10     | Killed Fannar
 19092 | D:10     | Reached skill level 14 in Shapeshifting
 19097 | D:10     | Killed Erica
 19273 | D:10     | Noticed Psyche
 19278 | D:10     | Killed Psyche
 19535 | D:10     | Learned a level 3 spell: Vampiric Draining
 20557 | D:11     | Reached skill level 10 in Necromancy
 21179 | D:11     | Learned a level 4 spell: Passage of Golubria
 22023 | D:12     | Reached skill level 10 in Evocations
 22078 | D:12     | Noticed Snorg
 22098 | D:12     | Killed Snorg
 22814 | D:12     | Reached skill level 5 in Translocations
 24199 | D:13     | HP: 3/115 [skeletal warrior/+0 mace (20)]
 24744 | D:13     | Found a gate to the Vaults.
 25042 | D:12     | Reached XP level 15. HP: 121/121 MP: 27/27
 26118 | Orc:1    | Entered Level 1 of the Orcish Mines
 26420 | Orc:2    | Entered Level 2 of the Orcish Mines
 26564 | Orc:2    | Found a staircase to the Elven Halls.
 26589 | Orc:2    | Found Ofrokaonka's Distillery.
 26631 | Orc:2    | Bought a potion of haste for 140 gold pieces
 26631 | Orc:2    | Bought a potion of mutation for 112 gold pieces
 26631 | Orc:2    | Bought a potion of might for 56 gold pieces
 26631 | Orc:2    | Bought 3 potions of might for 168 gold pieces
 26631 | Orc:2    | Bought a potion of mutation for 112 gold pieces
 26631 | Orc:2    | Bought a potion of heal wounds for 70 gold pieces
 26631 | Orc:2    | Bought a potion of resistance for 140 gold pieces
 26631 | Orc:2    | Bought a potion of heal wounds for 70 gold pieces
 26893 | Orc:2    | Demolished by a two-headed ogre

Illustrated notes

Levels and vault maps discovered:
D:1:      kennysheep_arrival_forest, layout_basic
D:2:      wander_river, layout_basic, basic_altar
D:3:      layout_basic, ebering_ghost_sewer_f, minmay_misc_feat_chi
D:4:      layout_loops_ring, mainiacjoe_overflow_alcove_2,
          nicolae_overflow_hidden_temple, dk_noncrumbling_4
D:5:      layout_basic, serial_shops, shop, serial_undead, serial_undead_e,
          serial_undead_e, serial_undead_f, serial_undead_e,
          gammafunk_ghost_smash
D:6:      layout_cave_pods, temple_statues, minmay_manual_monstrance
D:7:      minmay_the_grid_octo_tiled_octocenter
          [minmay_the_grid_octo_tetromino_candy,
          minmay_the_grid_octo_concentric, minmay_the_grid_octo_toaster,
          minmay_the_grid_octo_checkered,
          minmay_the_grid_octo_prize_ultimate_mussel_roller,
          minmay_the_grid_square_5x5_detours,
          minmay_the_grid_square_5x5_minivault,
          minmay_the_grid_square_5x5_empty,
          minmay_the_grid_square_5x5_half_checkered], layout_loops_cross,
          serial_co_window_serial, co_window_paths_a, co_window_paths_b,
          co_window_paths_b, co_window_paths_a, co_window_paths_a,
          co_window_paths_a, co_window_of_opportunity_a, co_window_paths_a,
          co_window_of_opportunity_a, co_window_corner_ca, co_window_broadway_a,
          co_window_corner_ca, co_window_broadway_a, co_window_unsneaky_path_d,
          glass_columns_b
D:8:      layout_loops_ring, grunt_dithmenos_shadows, serial_shops,
          nicolae_shop_gibbet_a_chance, enter_bailey_6,
          chequers_serial_rivers_micro_e, minmay_misc_feat_square,
          minmay_checkerbox
D:9:      layout_loops_ring, minmay_lair_entry_grove, grunt_decor_cap
D:10:     layout_roguey, orc_0_dummy, uniq_fannar, uniq_erica, uniq_psyche
D:11:     fort_yaktaur, layout_loops_ring, serial_aquarium,
          aquarium_bridge_island_small [aquarium_subvault_small_open,
          aquarium_subvault_window, aquarium_subvault_balcony,
          aquarium_subvault_wall, aquarium_subvault_bridge], aquarium_window_2,
          aquarium_window_2, aquarium_view_2a, aquarium_view_2c,
          aquarium_pool_corner
D:12:     layout_loops_corners, uniq_snorg
D:13:     layout_long_grid, lightli_vaults_fourway_checkpoint
Lair:1:   layout_layer_cave, pdpol_lair_cabin_in_the_woods
Lair:2:   layout_roguey, dummy_spider_entry
Lair:3:   layout_regular_city, skrybe_swamp_entry_bodies, grunt_megastairs_1,
          uniq_nergalle
Lair:4:   lemuel_reptile_caves, layout_layer_cave, dpeg_slime_entry_enclosed,
          minmay_lair_drake_nest, grunt_megastairs_2, lemuel_fruit_tree
Lair:5:   cheibrodos_lair_end_hotspot, layout_cave_shapes, serial_bayou_shore_a,
          infiniplex_staircase_pool_2
Orc:1:    layout_caves, basic_altar
Orc:2:    st_orc_ogre_mass, layout_diamond_mine, serial_shops,
          nicolae_shop_industrial_runoff

Skill      XL: |  1  2  3  4  5  6  7  8  9 10 11 12 13 14 15 |
---------------+----------------------------------------------+-----
Dodging        | 2 3 4 5 6 7 8 |  8.0
Fighting       | 2 3 4 5 6 7 8 |  8.0
Shapeshifting  | 4 5 6 9 10 11 12 13 14 | 14.0
Unarmed Combat | 4 5 6 7 8 9 10 11 12 | 12.0
Necromancy     | 1 2 3 4 5 6 8 9 10 11 | 11.3
Spellcasting   | 1 3 4 5 7 8 |  8.0
Evocations     | 3 5 6 8 10 11 | 11.0
Conjurations   | 2 |  2.0
Translocations | 3 4 5 6 |  6.5
Stealth        | 2 5 7 8 |  8.0

Action                     |  1- 3 |  4- 6 |  7- 9 | 10-12 | 13-15 || total
---------------------------+-------+-------+-------+-------+-------++-------
  Melee: Unarmed           |   109 |   129 |   319 |   854 |  1173 ||  2584
         Tailslap          |     9 |    15 |    71 |   177 |   252 ||   524
         Punch             |     1 |     3 |     2 |       |       ||     6
   Cast: Fugue of the Fall |       |       |     6 |    37 |    30 ||    73
         Magic Dart        |       |       |       |    14 |     1 ||    15
         Lesser Beckoning  |       |       |       |     1 |    26 ||    27
         Blink             |       |       |       |       |     2 ||     2
         Dispel Undead     |       |       |       |       |     8 ||     8
         Passage of Golubr |       |       |       |       |     6 ||     6
         Vampiric Draining |       |       |       |       |     1 ||     1
Ability: Begin Untransform |       |     1 |       |       |       ||     1
         Breathe Dispellin |       |       |       |       |     4 ||     4
  Evoke: Lightning rod     |       |       |       |     3 |     8 ||    11
         Sack of spiders   |       |       |       |     2 |     3 ||     5
         Wand              |       |       |       |     3 |     3 ||     6
    Use: Scroll            |     7 |       |     8 |    12 |     7 ||    34
         Potion            |       |     1 |     2 |       |     1 ||     4
   Stab: Sleeping          |     1 |       |       |       |     1 ||     2
         Distracted        |       |       |     2 |       |     5 ||     7
         Confused          |       |       |       |     1 |       ||     1
 Armour: Skin              |    53 |    72 |   147 |   387 |   707 ||  1366
  Dodge: Dodged            |    52 |    61 |   211 |   650 |  1116 ||  2090
   Form: Beast             |       |     1 |       |       |       ||     1
         Flux              |       |       |     1 |       |     1 ||     2
         Maw               |       |       |       |       |     1 ||     1
